 Dungeon Crawl Stone Soup version 0.31-a0-831-g143b1e81fc (webtiles) character file.

Game seed: 5795360216563025526

244594 theswoord the Warrior (level 18, -10/157 HPs)
             Began as a Demonspawn Gladiator on Sept 24, 2023.
             Was the Champion of Wu Jian.
             Mangled by a naga warrior
             ... wielding a +0 trident
              (32 damage)
             ... on level 4 of the Snake Pit.
             The game lasted 01:04:38 (32885 turns).

theswoord the Warrior (Demonspawn Gladiator)       Turns: 32885, Time: 01:04:39

Health: -10/157    AC: 37    Str: 19    XL:     18   Next: 74%
Magic:  0/18       EV: 12    Int: 13    God:    Wu Jian [******]
Gold:   2432       SH:  0    Dex: 18    Spells: 17/17 levels left

rFire   + . .        P - +7 quarterstaff "Edweuf" {drain, rN+}
rCold   + . .        (shield currently unavailable)
rNeg    + . .        S - +8 crystal plate armour {rC+}
rPois   +            (helmet unavailable)
rElec   +            K - scarf "Bieh Daog" {harm, rPois Int+3 Stlth+}
rCorr   .            c - +1 pair of gloves
SInv    .            U - +1 pair of boots
Will    ++++.        C - amulet of guardian spirit Stlth
                     J - ring "Hataec" {+Blink EV+5 Slay+2 Stlth+}
HPRegen 1.46/turn    H - ring of Orphek {Wiz *Slow rElec rF+ Will+++}
MPRegen 0.16/turn

%: slow self (1%), harm (+30% outgoing, +20% incoming), guardian spirit,
wizardry (x1)
@: constricted, studying Ranged Weapons
A: hooves 2, horns 3, ignite blood 2, powered by death 3, weakness stinger 2
}: 2/15 runes: serpentine, barnacled
a: Renounce Religion, Evoke Blink, Wall Jump, Serpent's Lash, Heavenly Storm


You were on level 4 of the Snake Pit.
You worshipped Wu Jian.
Wu Jian was exalted by your worship.
You visited 5 branches of the dungeon, and saw 30 of its levels.
You also visited: Sewer, Ossuary, Bailey, Gauntlet and Ice Cave.

You collected 4265 gold pieces.
You spent 1833 gold pieces at shops.

Inventory:

Hand Weapons
 a - a +0 lajatang of flaming
 y - a +4 quarterstaff of flaming
 P - the +7 quarterstaff "Edweuf" (weapon) {drain, rN+}
   (You found it on level 4 of the Shoals)

   rN+:       It protects you from negative energy.
Missiles
 d - 4 throwing nets (quivered)
 M - 9 javelins
Armour
 c - a +1 pair of gloves (worn)
 h - the scarf of the Platytaur {+Inv, +Blink Will+ SInv}
   (You acquired it on level 3 of the Dungeon)

   Will+:     It increases your willpower.
   SInv:      It lets you see invisible.
   +Blink:    It lets you blink.
 k - the -2 cloak of Xokinas {rPois Str-2 Dex+2}
   (You bought it in a shop on level 2 of the Orcish Mines)

   Str-2:     It affects your strength (-2).
   Dex+2:     It affects your dexterity (+2).
   rPois:     It protects you from poison
 r - a scarf of harm
 A - a +2 pair of boots
 K - the scarf "Bieh Daog" (worn) {harm, rPois Int+3 Stlth+}
   (You acquired it on level 2 of the Shoals)

   Int+3:     It affects your intelligence (+3).
   rPois:     It protects you from poison Stlth+: It makes you more stealthy.
 S - a +8 crystal plate armour of cold resistance (worn)
 U - a +1 pair of boots (worn)
Jewellery
 e - a +5 ring of evasion
 g - an amulet of regeneration
 i - a ring of protection from fire
 m - a ring of magical power
 C - an amulet of guardian spirit (around neck)
 H - the ring of Orphek (right hand) {Wiz *Slow rElec rF+ Will+++}
   (You found it in a Gauntlet)

   [ring of wizardry]

   Wiz:       It improves your spell success rate.
   rF+:       It protects you from fire.
   rElec:     It insulates you from electricity.
   Will+++:   It greatly increases your willpower.
   *Slow:     It may slow you when you take damage.
 J - the ring "Hataec" (left hand) {+Blink EV+5 Slay+2 Stlth+}
   (You acquired it in an ossuary)

   [ring of evasion]

   EV+5:      It affects your evasion (+5).
   Slay+2:    It affects your accuracy & damage with ranged weapons and melee
   (+2).
   +Blink:    It lets you blink.
   Stlth+:    It makes you more stealthy.
 R - a ring of protection from cold
Talismans
 x - a dragon-blood talisman
Wands
 f - a wand of digging (3)
 B - a wand of iceblast (26)
 F - a wand of paralysis (27)
Scrolls
 b - a scroll of identify
 l - 4 scrolls of poison
 n - 6 scrolls of enchant weapon
 o - 3 scrolls of amnesia
 p - 8 scrolls of teleportation
 t - 6 scrolls of fog
 D - 5 scrolls of revelation
 L - 2 scrolls of fear
 N - 2 scrolls of silence
 W - a scroll of immolation
 Y - 2 scrolls of vulnerability
Potions
 j - a potion of haste
 q - 6 potions of magic
 s - 4 potions of curing
 u - 3 potions of lignification
 v - 2 potions of heal wounds
 w - 4 potions of cancellation
 z - 5 potions of resistance
 E - 6 potions of attraction
 G - 3 potions of berserk rage
 O - 5 potions of mutation
 Q - 2 potions of brilliance
 V - 3 potions of enlightenment
 Z - a potion of might


   Skills:
 + Level 18.1 Fighting
 + Level 14.5 Staves
 - Level 1.7 Throwing
 + Level 16.4 Armour
 + Level 16.6 Dodging


You had 17 spell levels left.
You didn't know any spells.
Your spell library contained the following spells:

 Spells                   Type           Power      Damage    Failure   Level
 Sandblast                Erth           0%         2d4       99%         1
 Passwall                 Tmut/Erth      0%         N/A       100%        2
 Stone Arrow              Conj/Erth      0%         3d7       100%        3
 Brom's Barrelling Bould  Conj/Erth      0%         2d3       100%        4


Dungeon Overview and Level Annotations

Branches:
Dungeon (15/15)            Temple (0/1) D:5            Lair (5/5) D:10
 Shoals (4/4) Lair:2        Snake (4/4) Lair:2        Slime (0/5) Lair:5
    Orc (2/2) D:11            Elf (0/3) Orc:2        Vaults (0/5) D:14
 Depths (0/4) D:15          Sewer (visited)         Ossuary (visited)
 Bailey (visited)           IceCv (visited)         Gauntlet (visited)

Altars:
Ashenzari
Dithmenos
Hepliaklqana
Nemelex Xobeh
Qazlal
Ru
Trog
Vehumet
Wu Jian
Xom
Yredelemnul
Jiyva

Shops:
D:5 :   D:8 :   D:10 :   D:14 [(:*   Orc:2 (:[*   Shoals:1 [   Shoals:3 !*:

Annotations:
D:6 3 runed translucent doors, AceOff's ghost, novice DsFi; bmj180's ghost, novice HuCj; gabibbone's ghost, novice BaHs; nj0rd12's ghost, novice GnFE; orangepiccolo's ghost, novice HuBe
Snake:2 2 transporters, zero's ghost, journeyman MiBe
Snake:4 2 runed translucent doors, Dyetwah's ghost, journeyman FeSu


Innate Abilities, Weirdness & Mutations

You have hoof-like feet.
You have a pair of large horns on your head.
Your demonic aura often causes spilled blood to erupt in flames.
You regenerate a lot of health from kills.
You have a tail ending in a sharp stinger.


Message History

The naga warrior hits you with a +0 battleaxe!
* * * LOW HITPOINT WARNING * * *
The naga warrior constricts you. The salamander misses you.
The naga warrior closely misses you.
You hit the naga warrior.
You kill the naga warrior!
The Council accepts your kill.
The nagaraja is engulfed in blazing flames.
The nagaraja spits poison at you.
The splash of poison hits you but does no damage.
You resist.
The salamander hits you from afar with a +0 spear!
* * * LOW HITPOINT WARNING * * *
You are engulfed in flames.
You resist.
* * * LOW HITPOINT WARNING * * *
You hit the nagaraja.
The nagaraja is engulfed in blazing flames.
The nagaraja hits you with a +0 club!!
* * * LOW HITPOINT WARNING * * *
The nagaraja grabs you. The nagaraja constricts you.
The naga warrior completely misses you.
You closely miss the nagaraja.
The nagaraja is engulfed in blazing flames.
The nagaraja hits you with a +0 club.
* * * LOW HITPOINT WARNING * * *
The nagaraja constricts you. The salamander misses you.
Unknown command.
Okay, then.
You feel much better.
The nagaraja is engulfed in blazing flames.
The nagaraja barely misses you. The nagaraja constricts you.
The naga warrior closely misses you.
The salamander hits you but does no damage.
The nagaraja hits you with a +0 club!
* * * LOW HITPOINT WARNING * * *
The nagaraja constricts you.
* * * LOW HITPOINT WARNING * * *
The nagaraja's grasp on you weakens, but your attempt to escape fails.
The naga warrior hits you from afar with a +0 trident!!
You die...

...## ###$. ............
..##
##.............#.#...
.## ##.......
..####..[### #
##........ ###......[..
#........###.......[...
###......##.............
#........#..............
......N.............<...
#.....)@○#..............
##.....°.#..............
##..N.N.##........)....
#.......#.............
##......##.....)......
#####...###.....[[[..
#...# ####..)..## ######
###)### ###....### #.÷.#


You could see a nagaraja (fast, strong), a naga warrior (strong) and a
salamander (strong).

Vanquished Creatures
  Bai Suzhen (Shoals:4)
  Nikola (Shoals:3)
  Jorgrun (Shoals:3)
  A kraken (Shoals:1)
  Kirke (D:12)
  Aizul (Snake:3)
  Donald (Snake:4)
  10 nagarajas
  Ilsuiw (Shoals:3)
  A frost giant (Shoals:3)
  2 orc warlords
  A stone giant (D:15)
  A minotaur (Gauntlet)
  2 merfolk javelineers
  8 merfolk impalers
  A yaktaur captain (D:14)
  A great orb of eyes (Gauntlet)
  2 catoblepae
  3 salamander tyrants
  2 vault guards (Bailey)
  The ghost of Shym the Jinx, a journeyman KoEn of Wu Jian (D:14)
  Erolcha (Orc:1)
  7 hydras
  4 merfolk avatars
  2 alligator snapping turtles
  An ogre mage (D:15)
  4 centaur warriors
  2 boulder beetles
  11 merfolk aquamancers
  3 anacondas
  A satyr (Shoals:4)
  2 tengu warriors (D:15)
  3 death yaks (Lair:5)
  8 two-headed ogres
  16 naga warriors
  A deep troll shaman (Lair:5)
  5 orc high priests
  2 shock serpents
  18 naga sharpshooters
  A salamander mystic (Snake:4)
  6 skysharks
  A spectral anaconda (Snake:2)
  A lindwurm (Lair:5)
  A wizard (Gauntlet)
  3 naga ritualists
  9 sea snakes
  Pikel (D:7)
  An anaconda skeleton (Snake:2)
  5 orc knights
  17 harpies
  A necromancer (IceCv)
  7 mana vipers
  8 ugly things
  5 orc sorcerers (Orc:2)
  10 manticores
  4 cyclopes
  7 fauns
  13 salamanders
  An elephant (shapeshifter) (D:14)
  10 merfolk sirens
  35 black mambas
  20 naga magi
  10 water nymphs
  12 guardian serpents
  A gargoyle (D:14)
  A spectral sea snake (Snake:2)
  21 elephants
  An ice statue (IceCv)
  3 rime drakes
  9 cane toads
  3 unseen horrors
  A yaktaur (D:15)
  An efreet (D:13)
  6 komodo dragons
  3 freezing wraiths (IceCv)
  3 spectral nagas (Snake:2)
  11 ice devils (IceCv)
  15 merfolk
  5 anaconda simulacra
  3 meliai
  2 hornets
  6 wind drakes
  8 trolls
  2 polar bears
  2 spectral guardian serpents (Snake:2)
  4 blink frogs (Lair:2)
  Prince Ribbit (Bailey)
  13 snapping turtles
  A culicivora (shapeshifter) (D:13)
  6 slime creatures (D:14)
  4 wyverns
  A vampire (D:12)
  A wraith (D:13)
  A shadow (D:11)
  3 dire elephant simulacra (IceCv)
  19 water elementals
  Grum (D:8)
  5 humans (Bailey)
  42 yaks
  3 basilisks (Lair:5)
  A hog (shapeshifter) (D:13)
  A steam dragon (Lair:3)
  4 redbacks (Gauntlet)
  4 vampire mosquitoes (D:13)
  43 nagas
  A sea snake simulacrum (Snake:2)
  A swamp worm (shapeshifter) (D:15)
  6 death yak simulacra (IceCv)
  3 wargs
  2 acid dragons
  3 harpy simulacra (IceCv)
  2 hydra simulacra (IceCv)
  A guardian serpent simulacrum (Snake:2)
  12 water moccasins
  2 naga skeletons (Snake:2)
  46 orc warriors
  5 ice beasts
  5 black bears
  12 ogres
  18 wolves
  A lemure (D:7)
  8 centaurs
  3 phantoms
  4 kobold brigands
  14 bullfrogs
  3 cane toad simulacra (IceCv)
  A two-headed ogre simulacrum (IceCv)
  5 wights (D:8)
  5 elephant simulacra (IceCv)
  A killer bee (Orc:1)
  4 electric eels
  A vampire bat (Lair:1)
  5 howler monkeys
  4 lava snakes (Lair:2)
  6 hounds
  17 orc priests
  Crazy Yiuf (D:6)
  2 sleepcaps
  An iguana (D:7)
  33 orc wizards
  A troll simulacrum (IceCv)
  2 polar bear simulacra (IceCv)
  4 wolf simulacra (IceCv)
  11 mummies (Ossuary)
  19 adders
  3 gnolls (D:5)
  3 naga simulacra (IceCv)
  A river rat (Sewer)
  2 shadow imps (Gauntlet)
  14 white imps
  5 ufetubi
  An adder zombie (D:2)
  6 worms
  7 dart slugs
  94 orcs
  A bat skeleton (D:2)
  A bat zombie (D:2)
  8 endoplasms
  4 giant cockroaches
  13 goblins
  13 hobgoblins
  3 jackals (D:3)
  A quokka (D:2)
  6 ball pythons
  2 ball python skeletons (D:2)
  2 ball python zombies (D:2)
  15 bats
  2 frilled lizards (D:3)
  A gnoll skeleton (Ossuary)
  2 goblin skeletons (Ossuary)
  20 kobolds
  4 kobold skeletons (Ossuary)
  An orc skeleton (Ossuary)
  A quokka zombie (D:2)
  5 rats
  11 rat skeletons (Ossuary)
  3 tentacles (Shoals:1)
1118 creatures vanquished.

Vanquished Creatures (others)
  A merfolk impaler (Shoals:4)
  A merfolk javelineer (Shoals:4)
  A wind drake (Shoals:3)
  5 tentacles (Shoals:1)
8 creatures vanquished.

Grand Total: 1126 creatures vanquished

Notes
Turn   | Place    | Note
-------+----------+-------------------------------------------
     0 | D:1      | theswoord the Demonspawn Gladiator began the quest for the
                  | Orb.
     0 | D:1      | Reached XP level 1. HP: 16/16 MP: 1/1
   351 | D:1      | Gained mutation: Your demonic aura sometimes causes spilled
                  | blood to erupt in flames. [demonic ancestry]
   351 | D:1      | Reached XP level 2. HP: 22/22 MP: 2/2
   712 | D:2      | Found an ornate altar of the Wu Jian Council.
   785 | D:2      | Became a worshipper of the Wu Jian Council
   830 | D:2      | Discovered your monstrous ancestry.
   830 | D:2      | Gained mutation: You have a small tail. [demonic ancestry]
   830 | D:2      | Reached XP level 3. HP: 26/27 MP: 3/3
   920 | D:2      | Found a faded altar of an unknown god.
  1296 | D:3      | Identified a scroll of acquirement
  1296 | D:3      | Acquired 527 gold pieces
  1312 | D:3      | Reached * piety under Wu Jian
  1322 | D:3      | Gained mutation: You have a pair of small horns on your
                  | head. [demonic ancestry]
  1322 | D:3      | Reached XP level 4. HP: 26/33 MP: 4/4
  1536 | D:3      | Acquired the scarf of the Platytaur {+Inv, +Blink Will+
                  | SInv}
  1781 | D:3      | Reached skill level 5 in Staves
  2039 | D:4      | Noticed a black bear
  2051 | D:4      | Killed a black bear
  2052 | D:4      | Gained mutation: You have a pair of horns on your head.
                  | [demonic ancestry]
  2052 | D:4      | Reached XP level 5. HP: 32/38 MP: 5/5
  2247 | D:4      | Found a radiant altar of Vehumet.
  2249 | D:4      | Reached ** piety under Wu Jian
  2356 | D:4      | Gained mutation: You have large cloven feet. [demonic
                  | ancestry]
  2356 | D:4      | Reached XP level 6. HP: 33/44 MP: 6/6
  2949 | D:4      | Found a shimmering altar of Xom.
  3319 | D:5      | Entered Level 5 of the Dungeon
  3487 | D:5      | Found a basalt altar of Yredelemnul.
  3513 | D:5      | Gained mutation: You regenerate a little health from kills.
                  | [demonic ancestry]
  3513 | D:5      | Reached XP level 7. HP: 10/50 MP: 7/7
  3852 | D:5      | Found a staircase to the Ecumenical Temple.
  4219 | D:5      | Found a shadowy altar of Dithmenos.
  4312 | D:5      | Found Qygoost's Book Boutique.
  4421 | D:6      | Reached XP level 8. HP: 33/56 MP: 8/8
  4511 | D:6      | Found a glowing drain.
  4515 | Sewer    | Entered a sewer
  4532 | Sewer    | Reached *** piety under Wu Jian
  4802 | Sewer    | Reached skill level 10 in Staves
  5004 | D:6      | Found a runed translucent door.
  5005 | D:6      | Noticed Crazy Yiuf
  5070 | D:6      | Killed Crazy Yiuf
  5196 | D:6      | Found a runed translucent gate.
  5197 | D:6      | Found a runed translucent gate.
  5197 | D:6      | Found a runed translucent gate.
  5198 | D:6      | Noticed orangepiccolo's ghost (novice HuBe)
  5198 | D:6      | Noticed nj0rd12's ghost (novice GnFE)
  5198 | D:6      | Noticed bmj180's ghost (novice HuCj)
  5198 | D:6      | Noticed gabibbone's ghost (novice BaHs)
  5199 | D:6      | Noticed AceOff's ghost (novice DsFi)
  5709 | D:6      | Found a stormy altar of Qazlal.
  5835 | D:7      | Found a sparkling altar of Nemelex Xobeh.
  5854 | D:7      | Noticed Pikel
  5871 | D:7      | Killed Pikel
  5872 | D:7      | Reached XP level 9. HP: 52/61 MP: 9/9
  5914 | D:7      | Found a sand-covered staircase.
  5925 | Ossuary  | Entered an ossuary
  5970 | Ossuary  | Reached **** piety under Wu Jian
  5995 | Ossuary  | Acquired the ring "Hataec" {+Blink EV+5 Slay+2 Stlth+}
  6595 | D:8      | Found Gatuc's Vocational Training.
  6598 | D:8      | Noticed Grum
  6604 | D:8      | Reached skill level 1 in Armour
  6616 | D:8      | HP: 3/62 [Grum/-1 vampiric halberd (23)]
  6619 | D:8      | Reached skill level 3 in Fighting
  6622 | D:8      | Killed Grum
  6738 | D:8      | Found a broken altar of Ashenzari.
  6979 | D:8      | Reached skill level 4 in Fighting
  7111 | D:8      | Gained mutation: Your demonic aura often causes spilled
                  | blood to erupt in flames. [demonic ancestry]
  7111 | D:8      | Reached XP level 10. HP: 73/73 MP: 10/10
  7528 | D:9      | Found an ornate altar of the Wu Jian Council.
  7840 | D:9      | Reached skill level 5 in Fighting
  7840 | D:9      | Reached skill level 5 in Dodging
  7842 | D:9      | Reached ***** piety under Wu Jian
  8017 | D:10     | Entered Level 10 of the Dungeon
  8074 | D:10     | Found a staircase to the Lair.
  8100 | D:10     | Found a sacrificial altar of Ru.
  8188 | D:10     | Reached skill level 6 in Fighting
  8188 | D:10     | Reached skill level 5 in Armour
  8233 | D:10     | Found a flagged portal.
  8256 | Bailey   | Entered a bailey
  8319 | Bailey   | Noticed a vault guard
  8319 | Bailey   | Noticed Prince Ribbit
  8329 | Bailey   | Killed a vault guard
  8330 | Bailey   | Reached skill level 7 in Fighting
  8330 | Bailey   | Gained mutation: You regenerate health from kills. [demonic
                  | ancestry]
  8330 | Bailey   | Reached XP level 11. HP: 64/84 MP: 11/11
  8331 | Bailey   | Killed Prince Ribbit
  8377 | Bailey   | Noticed a vault guard
  8382 | Bailey   | Killed a vault guard
  8562 | D:10     | Noticed a two-headed ogre
  8568 | D:10     | Killed a two-headed ogre
  8913 | D:10     | Found Elomp's Book Boutique.
  8998 | D:11     | Noticed a two-headed ogre
  9003 | D:11     | Killed a two-headed ogre
  9007 | D:11     | Reached skill level 8 in Fighting
  9029 | D:11     | Found a staircase to the Orcish Mines.
  9066 | D:11     | Identified the +1 leather armour of the Ikuchi {rF+ Int+3}
  9339 | D:11     | Identified the +12 war axe of Kindness {flame, Drain rC+
                  | Int+4}
  9464 | D:11     | Noticed a two-headed ogre
  9467 | D:11     | Killed a two-headed ogre
  9716 | D:12     | Noticed Kirke
  9725 | D:12     | Killed Kirke
  9726 | D:12     | Reached skill level 9 in Fighting
  9749 | D:12     | Gained mutation: You have hoof-like feet. [demonic
                  | ancestry]
  9749 | D:12     | Reached XP level 12. HP: 95/95 MP: 12/12
  9767 | D:12     | Found a frozen archway.
  9790 | IceCv    | Entered an ice cave
  9869 | IceCv    | Reached ****** piety under Wu Jian
 10200 | IceCv    | Found an ancient bone altar of Kikubaaqudgha.
 10279 | IceCv    | Reached skill level 10 in Fighting
 10745 | D:12     | Upgraded the game from 0.31-a0-819-gf6de2f5ab6 to
                  | 0.31-a0-831-g143b1e81fc
 11140 | D:12     | Noticed a boulder beetle
 11163 | D:12     | Killed a boulder beetle
 11989 | D:13     | Found a hazy altar of Hepliaklqana.
 11990 | D:13     | Noticed a centaur warrior
 12000 | D:13     | Killed a centaur warrior
 12001 | D:13     | Reached skill level 10 in Dodging
 12033 | D:13     | Found a shimmering altar of Xom.
 12035 | D:13     | Found a hazy altar of Hepliaklqana.
 12035 | D:13     | Found a bloodstained altar of Trog.
 12035 | D:13     | Found a shimmering altar of Xom.
 12176 | D:13     | Noticed a four-headed hydra
 12184 | D:13     | Killed a four-headed hydra
 12753 | D:14     | Reached skill level 11 in Fighting
 12763 | D:14     | Reached XP level 13. HP: 69/106 MP: 8/13
 12884 | D:14     | Found Laustretuo's Armour Boutique.
 12986 | D:14     | Found Eniebeh's Weapon Shop.
 13178 | D:14     | Found a runed translucent gate.
 13232 | D:14     | Reached skill level 10 in Armour
 13699 | D:14     | Found Juitsud's General Store.
 13724 | D:14     | Found Kyphi's Book Shoppe.
 13940 | D:14     | Found a runed translucent gate.
 13941 | D:14     | Noticed Shym's ghost (journeyman KoEn)
 13942 | D:14     | Found a runed translucent gate.
 14012 | D:14     | Killed Shym's ghost
 14306 | D:14     | Found a gate to the Vaults.
 14478 | Lair:1   | Entered Level 1 of the Lair of Beasts
 14959 | Lair:1   | Found a hazy altar of Hepliaklqana.
 15221 | Lair:2   | Found a gate leading to a gauntlet.
 15235 | Gauntlet | Entered a Gauntlet
 15235 | Gauntlet | Found a transporter.
 15235 | Gauntlet | Found a transporter.
 15235 | Gauntlet | Found a runed translucent gate.
 15254 | Gauntlet | Found a runed translucent gate.
 15255 | Gauntlet | Found a runed translucent gate.
 15258 | Gauntlet | Found a transporter.
 15271 | Gauntlet | Found a transporter.
 15288 | Gauntlet | Found a transporter.
 15288 | Gauntlet | Found a transporter.
 15288 | Gauntlet | Found a transporter.
 15290 | Gauntlet | Found a transporter.
 15291 | Gauntlet | Found a transporter.
 15292 | Gauntlet | Noticed a quicksilver ooze
 15295 | Gauntlet | Found a runed translucent door.
 15302 | Gauntlet | Found a transporter.
 15318 | Gauntlet | Found a transporter.
 15320 | Gauntlet | Found a runed translucent door.
 15327 | Gauntlet | Found a runed translucent door.
 15328 | Gauntlet | Found a transporter.
 15329 | Gauntlet | Found a runed translucent door.
 15342 | Gauntlet | Found a transporter.
 15363 | Gauntlet | Found a transporter.
 15403 | Gauntlet | Identified the ring of Orphek {Wiz *Slow rElec rF+ Will+++}
 15476 | Gauntlet | Reached skill level 12 in Fighting
 15489 | Gauntlet | Identified the ring of Udegej Milu {Wiz rPois rN+ Will-}
 15502 | Gauntlet | Noticed a minotaur
 15513 | Gauntlet | Killed a minotaur
 15577 | Gauntlet | Identified the staff "Fetupon" {rF+ Int+2 Fire}
 15577 | Gauntlet | Identified the staff "Ruam" {rElec rPois Int+6 Dex-2
                  | Poison}
 15705 | Lair:2   | Found a staircase to the Shoals.
 15804 | Lair:2   | Found a staircase to the Snake Pit.
 16048 | Lair:2   | Gained mutation: You have a tail ending in a sharp stinger.
                  | [demonic ancestry]
 16048 | Lair:2   | Reached XP level 14. HP: 115/115 MP: 14/14
 17210 | Lair:3   | Gained mutation: You have a pair of large horns on your
                  | head. [demonic ancestry]
 17210 | Lair:3   | Reached XP level 15. HP: 122/122 MP: 13/15
 17534 | Lair:4   | Reached skill level 13 in Fighting
 17695 | Lair:4   | Identified the +2 ring mail "Boiptops" {Slay+2 SInv}
 18279 | Lair:5   | Entered Level 5 of the Lair of Beasts
 18766 | Lair:5   | Found a viscous altar of Jiyva.
 18766 | Lair:5   | Found a staircase to the Slime Pits.
 19431 | Orc:1    | Entered Level 1 of the Orcish Mines
 19449 | Orc:1    | Reached skill level 14 in Fighting
 19848 | Orc:2    | Entered Level 2 of the Orcish Mines
 20181 | Orc:2    | Found Havvuufi's Antique Armour Shop.
 20275 | Orc:2    | Found Yruity's Antique Weapon Boutique.
 20277 | Orc:2    | Found Goettila's General Store.
 20277 | Orc:2    | Found Rumosugh's Book Shop.
 20407 | Orc:2    | Found a staircase to the Elven Halls.
 20960 | Orc:2    | Bought a faintly humming cloak for 209 gold pieces
 20960 | Orc:2    | Identified the -2 cloak of Xokinas {rPois Str-2 Dex+2} (You
                  | bought it in a shop on level 2 of the Orcish Mines)
 21100 | D:15     | Entered Level 15 of the Dungeon
 21156 | D:15     | Gained mutation: You regenerate a lot of health from kills.
                  | [demonic ancestry]
 21156 | D:15     | Reached XP level 16. HP: 100/134 MP: 10/16
 21394 | D:15     | Found a staircase to the Depths.
 21822 | Orc:1    | Noticed Erolcha
 21833 | Orc:1    | Killed Erolcha
 22299 | Shoals:1 | Entered Level 1 of the Shoals
 22319 | Shoals:1 | Reached skill level 15 in Fighting
 22822 | Shoals:1 | Found Ragnar's Dragon-Slaying Spoils.
 22982 | Shoals:1 | Noticed a kraken
 23030 | Shoals:1 | Killed a kraken
 23511 | Shoals:2 | You fall into a shaft and drop 1 floor!
 23511 | Shoals:3 | Noticed Nikola
 23523 | Shoals:3 | HP: 3/136 [Nikola/arc of chain lightning (71)]
 23526 | Shoals:3 | Killed Nikola
 23526 | Shoals:3 | Noticed Jorgrun
 23529 | Shoals:3 | Noticed Ilsuiw
 23786 | Shoals:2 | Found Xukkepnao's General Store.
 24488 | Shoals:2 | Found Beptaf's Magic Scroll Shoppe.
 24491 | Shoals:2 | Bought a scroll of acquirement for 728 gold pieces
 24491 | Shoals:2 | Bought a scroll of acquirement for 728 gold pieces
 24493 | Shoals:2 | Acquired the scarf "Bieh Daog" {harm, rPois Int+3 Stlth+}
 24494 | Shoals:2 | Acquired 511 gold pieces
 24634 | Shoals:2 | Found Ynocoiti's Antique Weapon Emporium.
 24943 | Shoals:3 | Identified the +8 mace "Taciqish" {speed, rF+}
 24953 | Shoals:3 | Reached skill level 16 in Fighting
 24959 | Shoals:3 | Found Gyim Curr's Book Emporium.
 25004 | Shoals:3 | Found Wenafus's General Store.
 25481 | Shoals:3 | Killed Jorgrun
 25482 | Shoals:3 | Reached XP level 17. HP: 81/144 MP: 11/17
 25873 | Shoals:3 | Killed Ilsuiw
 26109 | Shoals:3 | Identified the +6 war axe "Fuoseyv" {protect, rN+ rCorr
                  | Str+3 Dex+6}
 26392 | Shoals:3 | Found Hedeej's Distillery.
 26400 | Shoals:3 | Bought a potion of curing for 42 gold pieces
 26400 | Shoals:3 | Bought a potion of might for 56 gold pieces
 26400 | Shoals:3 | Bought a potion of heal wounds for 70 gold pieces
 26451 | Shoals:4 | Entered Level 4 of the Shoals
 26457 | Shoals:4 | Identified the +7 quarterstaff "Edweuf" {drain, rN+}
 26603 | Shoals:3 | Reached skill level 15 in Dodging
 26631 | Shoals:4 | Identified the +4 orcbow "Newtbane" {elec, rCorr Int+2}
 26777 | Shoals:4 | Reached skill level 15 in Armour
 26959 | Shoals:4 | Got a barnacled rune of Zot
 27058 | Shoals:4 | Noticed Bai Suzhen
 27082 | Shoals:4 | Killed Bai Suzhen
 27741 | Snake:1  | Entered Level 1 of the Snake Pit
 27958 | Snake:1  | Identified the +5 plate armour of Immorality {rC+ SInv}
 28830 | Snake:2  | Reached skill level 17 in Fighting
 29117 | Snake:2  | Found a transporter.
 29146 | Snake:2  | Noticed zero's ghost (journeyman MiBe)
 29158 | Snake:2  | Found a transporter.
 30376 | Snake:3  | Reached XP level 18. HP: 133/155 MP: 10/18
 30559 | Snake:3  | Noticed Aizul
 30572 | Snake:3  | Killed Aizul
 31228 | Snake:4  | Entered Level 4 of the Snake Pit
 31302 | Snake:4  | Found a large runed translucent door.
 31302 | Snake:4  | Found a large runed translucent door.
 31308 | Snake:4  | Noticed Dyetwah's ghost (journeyman FeSu)
 31352 | Snake:4  | Noticed Donald
 31368 | Snake:4  | Killed Donald
 32368 | Snake:3  | Reached skill level 18 in Fighting
 32812 | Snake:4  | Got a serpentine rune of Zot
 32882 | Snake:4  | HP: 6/157 [nagaraja/+0 club (24)]
 32885 | Snake:4  | Mangled by a naga warrior

Skill      XL: |  1  2  3  4  5  6  7  8  9 10 11 12 13 14 15 16 17 18 |
---------------+-------------------------------------------------------+-----
Staves         | 3 4 5 6 7 9 11 12 13 14 | 14.5
Armour         | 3 6 7 9 11 13 14 15 16 | 16.4
Dodging        | 4 6 8 10 11 13 14 15 16 | 16.6
Fighting       | 4 7 9 11 12 14 16 17 18 | 18.1
Throwing       | |  1.7

Action                     |  1- 3 |  4- 6 |  7- 9 | 10-12 | 13-15 | 16-18 || total
---------------------------+-------+-------+-------+-------+-------+-------++-------
  Melee: Quarterstaff      |   110 |   122 |   299 |   576 |   509 |   836 ||  2452
         Tailslap          |     3 |    15 |    44 |    97 |   157 |   267 ||   583
         Headbutt          |       |    15 |    51 |   133 |   230 |   396 ||   825
         Kick              |       |    13 |    83 |    95 |       |       ||   191
         Lajatang          |       |       |       |       |   314 |   528 ||   842
  Throw: Throwing net      |       |     1 |     3 |     1 |     2 |     1 ||     8
 Invoke: Serpent's Lash    |       |       |     1 |       |       |     1 ||     2
         Heavenly Storm    |       |       |       |     2 |       |     1 ||     3
Ability: Lunge             |     5 |    16 |    36 |    38 |    58 |   114 ||   267
         Whirlwind         |       |     1 |     5 |     6 |    11 |    31 ||    54
         Evoke Blink       |       |       |     1 |       |       |       ||     1
         Wall Jump         |       |       |     1 |       |       |       ||     1
  Evoke: Wand              |       |       |       |       |       |     2 ||     2
    Use: Scroll            |     3 |    10 |    13 |     9 |     8 |    15 ||    58
         Potion            |       |     1 |     2 |     6 |    10 |    10 ||    29
   Stab: Sleeping          |     1 |     6 |    20 |     3 |       |       ||    30
         Held in net/web   |       |       |       |     2 |     1 |       ||     3
         Invisible         |       |       |       |     4 |     1 |     6 ||    11
         Petrified         |       |       |       |       |     9 |       ||     9
         Confused          |       |       |       |       |     2 |     3 ||     5
 Armour: Leather armour    |    54 |    76 |   138 |     2 |       |       ||   270
         Troll leather arm |       |       |       |   142 |       |       ||   142
         Crystal plate arm |       |       |       |   188 |   628 |  1273 ||  2089
  Dodge: Dodged            |    55 |    69 |   139 |   430 |   781 |  1030 ||  2504

Levels and vault maps discovered:
D:1:      saegor_arrival_simple_d, layout_basic, chequers_serial_rivers_room_b
D:2:      layout_basic, hellmonk_ecumenical_altar_heavens_door, basic_altar,
          serial_undead, serial_undead_a, serial_undead_a, serial_undead_f,
          serial_undead_d, serial_undead_f, kennysheep_generic_room_3
D:3:      layout_basic, kennysheep_donut, chequers_arboretum, minmay_checkerbox
D:4:      layout_basic, nicolae_overflow_crystal_walls,
          mainiacjoe_overflow_alcove_1, minmay_misc_feat_doors,
          nicolae_concentric_dashed_squares_mild
D:5:      layout_basic, mainiacjoe_overflow_cross_hatched,
          grunt_dithmenos_shadows, minmay_temple_entry_hall, serial_shops,
          nicolae_lakefront_shop
D:6:      layout_cave_pools, nicolae_qazlal_eye_of_the_storm,
          gammafunk_ghost_cemetery, gup_sewer_entry_spiral, water_boxes_lemuel,
          uniq_crazy_yiuf_cottage
D:7:      layout_rooms, mainiacjoe_overflow_small_starburst,
          nicolae_ossuary_entry_monument, uniq_pikel
D:8:      layout_gridville, mainiacjoe_overflow_24_doors, grunt_ogre_cave,
          nicolae_shop_vocational, uniq_grum
D:9:      layout_loops_ring, nicolae_wu_jian_glorious_leap,
          minmay_misc_feat_alley
D:10:     layout_roguey, nicolae_ru_sacrificial_ziggurat,
          hellmonk_lair_entry_icy, serial_shops, shop_coins, enter_bailey_5,
          hangedman_abyss_or_decor_clamps, hangedman_abyss_or_decor_stabs
D:11:     layout_cave_pods, david_orc_3
D:12:     layout_layer_cave, portal_ice_cave_entry_imps, fountainhead,
          corner_web_ring, chequers_serial_rivers_micro_a, uniq_kirke
D:13:     layout_stronghold, doesnt_xom_only_xom
D:14:     layout_loops_ring, hellmonk_vaults_attempted_burglary,
          gammafunk_ghost_hydra_chop, serial_shops,
          nicolae_shop_tiny_statue_garden, shop, shop,
          nicolae_shop_advertising_works [nicolae_subvault_shop_adworks],
          minmay_misc_feat_columns
D:15:     grunt_enter_depths_snipers, layout_rooms, lightli_minifort
Lair:1:   layout_regular_city, basic_altar, roderic_batcave
Lair:2:   layout_cave_pods, elwin_shoals_entry_rocks,
          nicolae_snake_entry_warm_welcome, gauntlet_entry_generic
Lair:3:   layout_loops_ring, pdpol_lair_cavern_descent, grunt_megastairs_4
Lair:4:   layout_roguey, serial_bayou_crossing, infiniplex_staircase_pool
Lair:5:   grunt_lair_end_beastmaster, layout_regular_city, slime_entry_1,
          lemuel_fruit_tree
Shoals:1: layout_shoals, nicolae_shop_dragon_depot, nicolae_shoals_shepherds
Shoals:2: layout_shoals, serial_shops, shop, nicolae_shop_behind_doors, shop,
          nicolae_splish_splash
Shoals:3: layout_shoals, serial_shops, shop, nicolae_shop_industrial_runoff,
          shop, nicolae_shoals_dead_sea_scrolls, uniq_ilsuiw, uniq_jorgrun,
          uniq_nikola
Shoals:4: shoals_end_grunt_ice, layout_shoals, uniq_bai_suzhen
Snake:1:  layout_chambers, drop_trap, nicolae_triple_integral
Snake:2:  layout_chambers, gammafunk_ghost_arena,
          nicolae_snake_the_dead_are_slithering
Snake:3:  layout_onion_interference, serial_bayou_shore_a, uniq_aizul
Snake:4:  snake_hunt, layout_onion_interference, ebering_ghost_disaster_area,
          grunt_megastairs_5, uniq_donald
Orc:1:    cheibrodos_orc_arena, layout_caves, uniq_erolcha
Orc:2:    st_orc_congregation, layout_caves
